TOP OF THE 1ST |
Reno Aces batting - Pitching for New Orleans Zephyrs : RHP Chris Funderburg
|
Pitching: RHP Chris Funderburg
|
|
Batting: RHB Joe Smack
|
0-0: Ball 1-0: Ball 2-0: Ball 3-0: Base on Balls
|
Batting: RHB Scott Travis
|
0-0: Called Strike Joe Smack steals 2nd base 0-1: Called Strike 0-2: Ball 1-2: Foul Ball, location: 2F 1-2: Ball 2-2: Foul Ball, location: 2F 2-2: Fly out, F7 (Flyball, 7, EV 81.9 MPH)
|
Batting: SHB Salvador Aragon
|
0-0: Ball Joe Smack steals 3rd base 1-0: Ball 2-0: Ball 3-0: Called Strike 3-1: Called Strike 3-2: Foul Ball, location: 2F 3-2: Base on Balls
|
Batting: LHB Jeff Densmore
|
0-0: Called Strike 0-1: Swinging Strike 0-2: Ball 1-2: Foul Ball, location: 2F 1-2: Strikes out swinging Salvador Aragon steals 2nd base (no throw) Batter strikes out.
|
Batting: RHB Mario Soto
|
0-0: Ball 1-0: Ball 2-0: Foul Ball, location: 2F 2-1: Swinging Strike 2-2: Ball 3-2: Ground out 1-3 (Groundball, 34S, EV 68.8 MPH)
|
Top of the 1st over - 0 runs, 0 hits, 0 errors, 2 left on base; Reno 0 - New Orleans 0 |
BOTTOM OF THE 1ST |
New Orleans Zephyrs batting - Pitching for Reno Aces : RHP Roberto Preciado
|
Pitching: RHP Roberto Preciado
|
|
Batting: RHB J.J. Barajas
|
0-0: Fly out, F8 (Flyball, 8LXD, EV 92.5 MPH)
|
Batting: LHB Carlos Mosqueda
|
0-0: Ball 1-0: Foul Ball, location: 2F 1-1: Called Strike 1-2: Strikes out swinging
|
Batting: RHB Alex Gomez
|
0-0: Ball 1-0: Ball 2-0: Foul Ball, location: 2F 2-1: Ball 3-1: Ground out 5-3 (Groundball, 5, EV 87.5 MPH)
|
Bottom of the 1st over - 0 runs, 0 hits, 0 errors, 0 left on base; Reno 0 - New Orleans 0 |
TOP OF THE 2ND |
Reno Aces batting - Pitching for New Orleans Zephyrs : RHP Chris Funderburg
|
Batting: LHB Steve Reinhart
|
0-0: Ball 1-0: Foul Ball, location: 2F 1-1: Called Strike 1-2: Strikes out swinging
|
Batting: RHB Alex Vasquez
|
0-0: Ball 1-0: Swinging Strike 1-1: Ball 2-1: Called Strike 2-2: Ball 3-2: Strikes out swinging, 2-3 out at first.
|
Batting: RHB Tai Joo
|
0-0: Ball 1-0: Swinging Strike 1-1: Ball 2-1: Foul Ball, location: 2F 2-2: Foul Ball, location: 2F 2-2: Ball 3-2: Strikes out swinging
|
Top of the 2nd over - 0 runs, 0 hits, 0 errors, 0 left on base; Reno 0 - New Orleans 0 |
BOTTOM OF THE 2ND |
New Orleans Zephyrs batting - Pitching for Reno Aces : RHP Roberto Preciado
|
Batting: RHB Alex Ramirez
|
0-0: Foul Ball, location: 2F 0-1: Ball 1-1: Ball 2-1: Called Strike 2-2: Ball 3-2: Strikes out swinging
|
Batting: RHB Mike Sonn
|
0-0: Ball 1-0: Fly out, F7 (Flyball, 7LD, EV 101.2 MPH)
|
Batting: RHB Torquato Obawole
|
0-0: Foul Ball, location: 2F 0-1: Swinging Strike 0-2: Foul Ball, location: 2F 0-2: Ball 1-2: Strikes out swinging
|
Bottom of the 2nd over - 0 runs, 0 hits, 0 errors, 0 left on base; Reno 0 - New Orleans 0 |
TOP OF THE 3RD |
Reno Aces batting - Pitching for New Orleans Zephyrs : RHP Chris Funderburg
|
Batting: RHB Paul Van Gilder
|
0-0: Foul Ball, location: 2F 0-1: Called Strike 0-2: Strikes out swinging
|
Batting: RHB Joe Smack
|
0-0: Fly out, F7 (Flyball, 78XD, EV 105.6 MPH)
|
Batting: RHB Scott Travis
|
0-0: Fly out, F8 (Flyball, 8RXD, EV 102.5 MPH)
|
Top of the 3rd over - 0 runs, 0 hits, 0 errors, 0 left on base; Reno 0 - New Orleans 0 |
BOTTOM OF THE 3RD |
New Orleans Zephyrs batting - Pitching for Reno Aces : RHP Roberto Preciado
|
Batting: LHB Adrian Young
|
0-0: Ball 1-0: Ball 2-0: Ball 3-0: Base on Balls
|
Batting: LHB Luis Aguilar
|
0-0: Ball 1-0: Ball 2-0: Ball 3-0: Called Strike 3-1: Fielders Choice at 2nd, 1-6 (Groundball, 34S, EV 68.8 MPH)
|
Batting: RHB Jesus Castillo
|
0-0: Ball Luis Aguilar steals 2nd base 1-0: Ball 2-0: Foul Ball, location: 2F 2-1: SINGLE (Groundball, 5D, EV 104.4 MPH) Luis Aguilar to third Runner from 3rd tries for Home, throw by LF and OUT! 7-2 Jesus Castillo to second
|
Batting: RHB J.J. Barajas
|
0-0: Ball 1-0: Swinging Strike 1-1: Ball 2-1: Ball 3-1: Base on Balls
|
Batting: LHB Carlos Mosqueda
|
0-0: Ball 1-0: Ball 2-0: Called Strike 2-1: Foul Ball, location: 2F 2-2: Strikes out looking
|
Bottom of the 3rd over - 0 runs, 1 hit, 0 errors, 2 left on base; Reno 0 - New Orleans 0 |
TOP OF THE 4TH |
Reno Aces batting - Pitching for New Orleans Zephyrs : RHP Chris Funderburg
|
Batting: SHB Salvador Aragon
|
0-0: Ball 1-0: Called Strike 1-1: Ball 2-1: Called Strike 2-2: Ground out 5-3 (Groundball, 56, EV 83.8 MPH)
|
Batting: LHB Jeff Densmore
|
0-0: Ball 1-0: Called Strike 1-1: Fly out, F8 (Flyball, 8LD, EV 93.8 MPH)
|
Batting: RHB Mario Soto
|
0-0: Ball 1-0: Ground out 1-3 (Groundball, 13S, EV 66.2 MPH)
|
Top of the 4th over - 0 runs, 0 hits, 0 errors, 0 left on base; Reno 0 - New Orleans 0 |
BOTTOM OF THE 4TH |
New Orleans Zephyrs batting - Pitching for Reno Aces : RHP Roberto Preciado
|
Batting: RHB Alex Gomez
|
0-0: Called Strike 0-1: Ball 1-1: Fly out, F8 (Flyball, 89XD, EV 101.2 MPH)
|
Batting: RHB Alex Ramirez
|
0-0: Ball 1-0: Called Strike 1-1: Ball 2-1: SINGLE (Line Drive, 9S, EV 102.5 MPH)
|
Batting: RHB Mike Sonn
|
0-0: Grounds into double play, 5-4-3 (Groundball, 5, EV 81.9 MPH)
|
Bottom of the 4th over - 0 runs, 1 hit, 0 errors, 0 left on base; Reno 0 - New Orleans 0 |
TOP OF THE 5TH |
Reno Aces batting - Pitching for New Orleans Zephyrs : RHP Chris Funderburg
|
Batting: LHB Steve Reinhart
|
0-0: Ball 1-0: Foul Ball, location: 2F 1-1: Called Strike 1-2: Ball 2-2: Foul Ball, location: 2F 2-2: Foul Ball, location: 2F 2-2: Ball 3-2: Strikes out swinging
|
Batting: RHB Alex Vasquez
|
0-0: Called Strike 0-1: Swinging Strike 0-2: Ball 1-2: Foul Ball, location: 2F 1-2: Ball 2-2: SINGLE (Flyball, 9LS, EV 95.6 MPH)
|
Batting: RHB Tai Joo
|
0-0: Ball 1-0: Foul Ball, location: 2F 1-1: Ball 2-1: Foul Ball, location: 2F 2-2: Strikes out swinging
|
Batting: RHB Paul Van Gilder
|
0-0: Ball 1-0: Ball 2-0: Called Strike 2-1: Fielders Choice at 2nd, 6-4 (Groundball, 6, EV 85.6 MPH)
|
Top of the 5th over - 0 runs, 1 hit, 0 errors, 1 left on base; Reno 0 - New Orleans 0 |
BOTTOM OF THE 5TH |
New Orleans Zephyrs batting - Pitching for Reno Aces : RHP Roberto Preciado
|
Batting: RHB Torquato Obawole
|
0-0: Ball 1-0: Fly out, F7 (Flyball, 7, EV 90.0 MPH)
|
Batting: LHB Adrian Young
|
0-0: Called Strike 0-1: Foul Ball, location: 2F 0-2: Ground out U3 (Groundball, 3L, EV 88.8 MPH)
|
Batting: LHB Luis Aguilar
|
0-0: Fly out, F8 (Line Drive, 8LD, EV 88.1 MPH)
|
Bottom of the 5th over - 0 runs, 0 hits, 0 errors, 0 left on base; Reno 0 - New Orleans 0 |
TOP OF THE 6TH |
Reno Aces batting - Pitching for New Orleans Zephyrs : RHP Chris Funderburg
|
Batting: RHB Joe Smack
|
0-0: Foul Ball, location: 2F 0-1: Ball 1-1: Ball 2-1: Ball 3-1: Called Strike 3-2: Base on Balls
|
Batting: RHB Scott Travis
|
0-0: Called Strike Joe Smack steals 2nd base 0-1: Ball 1-1: Fly out, F7 (Flyball, 7, EV 97.5 MPH)
|
Batting: SHB Salvador Aragon
|
0-0: Ball Joe Smack steals 3rd base 1-0: Ball 2-0: Swinging Strike 2-1: Foul Ball, location: 2F 2-2: DOUBLE (Groundball, 3L, EV 110.0 MPH) Joe Smack scores
|
Batting: LHB Jeff Densmore
|
0-0: Called Strike 0-1: Swinging Strike 0-2: Foul Ball, location: 2F 0-2: Foul Ball, location: 2F 0-2: Ball 1-2: Ball 2-2: Foul Ball, location: 2F 2-2: Ball 3-2: Ground out 6-3 (Groundball, 6M, EV 100.0 MPH) Salvador Aragon to third
|
Pitching: RHP Al Mendoza
|
|
Batting: RHB Mario Soto
|
0-0: Called Strike 0-1: Called Strike 0-2: Foul Ball, location: 2F 0-2: Ball 1-2: Ball 2-2: Ground out 5-3 (Groundball, 56, EV 98.1 MPH)
|
Top of the 6th over - 1 run, 1 hit, 0 errors, 1 left on base; Reno 1 - New Orleans 0 |
BOTTOM OF THE 6TH |
New Orleans Zephyrs batting - Pitching for Reno Aces : RHP Roberto Preciado
|
Batting: RHB Jesus Castillo
|
0-0: Ball 1-0: Ball 2-0: Ground out 5-3 (Groundball, 56, EV 104.4 MPH)
|
Batting: RHB J.J. Barajas
|
0-0: Foul Ball, location: 2F 0-1: Ball 1-1: Ball 2-1: Foul Ball, location: 2F 2-2: Fly out, F9 (Flyball, 9, EV 95.0 MPH)
|
Batting: LHB Carlos Mosqueda
|
0-0: Ball 1-0: Ball 2-0: Ball 3-0: Called Strike 3-1: SOLO HOME RUN (Flyball, 9LD, EV 91.9 MPH), Distance : 337 ft
|
Batting: RHB Alex Gomez
|
0-0: Foul Ball, location: 2F 0-1: Called Strike 0-2: Ball 1-2: Ball 2-2: Fly out, F4 (Popup, 4M, EV 67.5 MPH)
|
Bottom of the 6th over - 1 run, 1 hit, 0 errors, 0 left on base; Reno 1 - New Orleans 1 |
TOP OF THE 7TH |
Reno Aces batting - Pitching for New Orleans Zephyrs : RHP Al Mendoza
|
Batting: LHB Steve Reinhart
|
0-0: Foul Ball, location: 2F 0-1: Called Strike 0-2: Ball 1-2: Ground out 3-1 (Groundball, 34, EV 86.9 MPH)
|
Batting: RHB Alex Vasquez
|
0-0: Ball 1-0: Called Strike 1-1: SINGLE (Line Drive, 89S, EV 105.0 MPH)
|
Batting: RHB Tai Joo
|
0-0: Ball 1-0: Called Strike Alex Vasquez steals 2nd base 1-1: Fly out, F9 (Flyball, 9D, EV 98.8 MPH) Runner from 2nd tags up, SAFE at 3rd, no throw by RF
|
Batting: RHB Paul Van Gilder
|
0-0: Ball 1-0: Swinging Strike 1-1: Ball 2-1: Ball Passed Ball! Alex Vasquez scores 3-1: Base on Balls
|
Batting: RHB Joe Smack
|
0-0: Foul Ball, location: 2F 0-1: Fly out, F9 (Flyball, 9, EV 76.2 MPH)
|
Top of the 7th over - 1 run, 1 hit, 0 errors, 1 left on base; Reno 2 - New Orleans 1 |
BOTTOM OF THE 7TH |
New Orleans Zephyrs batting - Pitching for Reno Aces : RHP Roberto Preciado
|
Batting: RHB Alex Ramirez
|
0-0: Ball 1-0: Ground out 5-3 (Groundball, 56, EV 84.4 MPH)
|
Batting: RHB Mike Sonn
|
0-0: Swinging Strike 0-1: Foul Ball, location: 2F 0-2: Ball 1-2: Fly out, F9 (Flyball, 89M, EV 93.1 MPH)
|
Batting: RHB Torquato Obawole
|
0-0: Ball 1-0: Ground out 6-3 (Groundball, 56, EV 106.9 MPH)
|
Bottom of the 7th over - 0 runs, 0 hits, 0 errors, 0 left on base; Reno 2 - New Orleans 1 |
TOP OF THE 8TH |
Reno Aces batting - Pitching for New Orleans Zephyrs : RHP Al Mendoza
|
Pitching: LHP Alex Villarreal
|
|
Batting: RHB Scott Travis
|
0-0: Called Strike 0-1: Swinging Strike 0-2: Fly out, F1 (Line Drive, P, EV 75.6 MPH)
|
Batting: SHB Salvador Aragon
|
0-0: Ball 1-0: Called Strike 1-1: Swinging Strike 1-2: Strikes out swinging
|
Batting: LHB Jeff Densmore
|
0-0: Ball 1-0: Fly out, F8 (Line Drive, 8LM, EV 86.2 MPH)
|
Top of the 8th over - 0 runs, 0 hits, 0 errors, 0 left on base; Reno 2 - New Orleans 1 |
BOTTOM OF THE 8TH |
New Orleans Zephyrs batting - Pitching for Reno Aces : RHP Roberto Preciado
|
Batting: LHB Adrian Young
|
0-0: Called Strike 0-1: Called Strike 0-2: Ball 1-2: Strikes out swinging
|
Batting: LHB Luis Aguilar
|
0-0: Ball 1-0: Ball 2-0: Ball 3-0: Base on Balls
|
Batting: RHB Jesus Castillo
|
0-0: Ball 1-0: Fly out, F8 (Flyball, 8LD, EV 90.0 MPH)
|
Batting: RHB J.J. Barajas
|
0-0: Called Strike 0-1: Swinging Strike 0-2: Ball 1-2: Ball 2-2: Strikes out looking
|
Bottom of the 8th over - 0 runs, 0 hits, 0 errors, 1 left on base; Reno 2 - New Orleans 1 |
TOP OF THE 9TH |
Reno Aces batting - Pitching for New Orleans Zephyrs : LHP Alex Villarreal
|
Batting: RHB Mario Soto
|
0-0: Called Strike 0-1: Ball 1-1: Ball 2-1: Ground out 6-3 (Groundball, 6S, EV 92.5 MPH)
|
Batting: LHB Steve Reinhart
|
0-0: Called Strike 0-1: Ball 1-1: SINGLE (Groundball, 25, EV 68.1 MPH) (infield hit)
|
Batting: RHB Alex Vasquez
|
0-0: Ball 1-0: SINGLE (Groundball, 4MD, EV 102.5 MPH) Steve Reinhart to second
|
Batting: RHB Tai Joo
|
0-0: Foul Ball, location: 2F 0-1: Foul Ball, location: 2F 0-2: Ball 1-2: Foul Ball, location: 2F 1-2: Strikes out looking
|
Batting: RHB Paul Van Gilder
|
0-0: Ball 1-0: Called Strike 1-1: Ball 2-1: Ball 3-1: Swinging Strike 3-2: Foul Ball, location: 2F 3-2: Ground out 6-3 (Groundball, 6S, EV 71.2 MPH)
|
Top of the 9th over - 0 runs, 2 hits, 0 errors, 2 left on base; Reno 2 - New Orleans 1 |
BOTTOM OF THE 9TH |
New Orleans Zephyrs batting - Pitching for Reno Aces : RHP Roberto Preciado
|
Pitching: RHP Nick Burcham
|
|
Now in LF: John Gray
|
|
Now in RF: Jeff Densmore
|
|
Batting: LHB Carlos Mosqueda
|
0-0: Swinging Strike 0-1: Ball 1-1: Ball 2-1: Called Strike 2-2: Foul Ball, location: 2F 2-2: Strikes out looking
|
Batting: RHB Alex Gomez
|
0-0: Fly out, F9 (Flyball, 9LS, EV 91.2 MPH)
|
Batting: RHB Alex Ramirez
|
0-0: Called Strike 0-1: Ball 1-1: Ball 2-1: Swinging Strike 2-2: Fly out, F8 (Flyball, 8RD, EV 92.5 MPH)
|
Bottom of the 9th over - 0 runs, 0 hits, 0 errors, 0 left on base; Reno 2 - New Orleans 1 |
|